 Dungeon Crawl Stone Soup version bcrawl-1.37.2 (webtiles) character file.

Game seed: 2809474754906340465

150781 Coyote68 the Insei (level 4, 0/39 HPs)
             Began as a Draconian Martial Artist on Nov 23, 2022.
             Was a Believer of Wu Jian.
             Slain by Sigmund
             ... wielding a +0 scythe
              (7 damage)
             ... on level 2 of the Dungeon.
             The game lasted 00:03:55 (1488 turns).

Coyote68 the Insei (Draconian Martial Artist)       Turns: 1488, Time: 00:03:55

Health: 0/39       AC:  6    Str: 14    XL:     4   Next: 28%
Magic:  0/5        EV: 13    Int: 10    God:    Wu Jian [**....]
Gold:   161        SH:  0    Dex: 14    Spells: 4/5 levels left

rFire    . . .     GDR:     26%   - Fists (9.5)
rCold    . . .     SeeInvis .   (no shield)
rNeg     . . .     Gourm    .   (armour unavailable)
rPois    .         Faith    .   (helmet restricted)
rElec    .         Spirit   +   k - +0 cloak
rCorr    .         Reflect  .   (no gloves)
MR       .....                  (no boots)
Stlth    +.........             d - amulet of guardian spirit
HPRegen  0.16/turn              (no ring)
MPRegen  0.09/turn              (no ring)

@: confused
A: unfitting armour, cold-blooded, AC +5
a: Wall Jump, Serpent's Lash, Renounce Religion


You were on level 2 of the Dungeon.
You worshipped Wu Jian.
Wu Jian was pleased with you.
You were hungry.

You visited 1 branch of the dungeon, and saw 2 of its levels.

You collected 161 gold pieces.

Inventory:

Armour
 k - a +0 cloak (worn)
Jewellery
 d - an amulet of guardian spirit (around neck)
Scrolls
 b - 2 scrolls of remove curse
 c - a scroll of enchant weapon
 f - 2 scrolls of enchant armour {unknown}
 h - a scroll of fog {unknown}
 i - a scroll of teleportation {unknown}
Potions
 a - a potion of agility
 j - a potion of might
Comestibles
 e - 6 rations {!d}
 g - 5 chunks of flesh


   Skills:
 + Level 3.6 Fighting
 + Level 3.1 Dodging
 + Level 1.5 Stealth
 + Level 5.2 Unarmed Combat
 + Level 1.0 Spellcasting
 + Level 0.8 Hexes


You had 4 spell levels left.
You knew the following spells:

 Your Spells              Type           Power        Failure   Level  Hunger
a - Confusing Touch       Hex            #.......     24%         1    None
Your spell library was empty.

Dungeon Overview and Level Annotations

Branches:
Dungeon (2/12)

Altars:

Annotations:
D:2 Sigmund


Innate Abilities, Weirdness & Mutations

Your plain brown scales are hard. (AC +5)
You cannot fit into any form of body armour.
You are cold-blooded and may be slowed by cold attacks.


Message History

You closely miss something. You tail-slap something.
Something barely misses you.
You hit something.
Your tail-slap misses something.
You hit something.
Your tail-slap misses something.
Something hits you.
You miss something. You tail-slap something. Something hits you.
You hit something.
You are feeling hungry.
You hit something but do no damage. Something hits you.
You miss something. You tail-slap something. You miss something.
You closely miss something. Something hits you.
You closely miss something. You tail-slap something. You hit something.
You punch something. Something hits you!
* * * LOW HITPOINT WARNING * * *
You barely miss something. Your punch misses something.
You barely miss something.
You hear some strange, mumbled words.
You are confused.
You miss something. You tail-slap something. Something hits you!
You die...

#.############.....
#.## #..###
#####..##### #..###
#..........# #....#
#.PP#''##P.# #.##.#
#.#..†..P..# #.....
#.#......#.# ##...#
#.P.P..P...# #.###
#.P..{@..#.# #.###
#.#..P.....# #....
#.#......P.# #..##
# ##..#..P.# #..##
........# #....
###.####.# ##.##
#.# .# #... #. .
#### #


There were no monsters in sight!

Vanquished Creatures
  4 gnolls (D:2)
  2 worms (D:2)
  2 dart slugs
  2 leopard geckos
  A ball python (D:2)
  2 giant cockroaches
  6 hobgoblins
  2 jackals (D:2)
  6 kobolds
  4 bats (D:2)
  5 goblins
  2 rats (D:1)
38 creatures vanquished.

Notes
Turn   | Place    | Note
-------+----------+-------------------------------------------
     0 | D:1      | Coyote68 the Draconian Martial Artist began the quest for
                  | the Orb.
     0 | D:1      | Reached XP level 1. HP: 19/19 MP: 2/2
   152 | D:1      | Reached XP level 2. HP: 22/26 MP: 3/3
   847 | D:2      | Reached XP level 3. HP: 27/31 MP: 4/4
   853 | D:2      | Reached ** piety under Wu Jian
   857 | D:2      | Reached skill level 5 in Unarmed Combat
  1072 | D:2      | Reached XP level 4. HP: 31/38 MP: 5/5
  1466 | D:2      | Noticed Sigmund
  1488 | D:2      | Slain by Sigmund

Skill      XL: |  1  2  3 |
---------------+----------+-----
Dodging        | 3 |  3.1
Unarmed Combat | 5 |  5.2
Fighting       | |  3.6
Stealth        | |  1.5
Spellcasting   | |  1.0
Hexes          | |  0.8

Action                   |  1- 3 |  4- 6 || total
-------------------------+-------+-------++-------
Melee: Unarmed           |    80 |    42 ||   122
       Tailslap          |    12 |     8 ||    20
       Punch             |     1 |     2 ||     3
Invok: Whirlwind         |    37 |     6 ||    43
       Lunge             |     6 |     7 ||    13
  Use: Scroll            |       |     3 ||     3
 Stab: Sleeping          |     2 |       ||     2
  Eat: Chunk             |     2 |     2 ||     4
Armor: Skin              |    11 |     3 ||    14
Dodge: Dodged            |    35 |     9 ||    44
